 Dungeon Crawl Stone Soup version 0.24-a0-333-g864f2b5d03 (webtiles) character file.

Game seed: 8697658532727282373

72867 HAL9000 the Unseen (level 15, 0/65 HPs)
             Began as a Vine Stalker Assassin on May 17, 2019.
             Was the Champion of Dithmenos.
             Slain by a hellwing (11 damage)
             ... summoned by an orc high priest
             ... on level 2 of the Orcish Mines.
             The game lasted 01:17:39 (22189 turns).

HAL9000 the Unseen (Vine Stalker Assassin)         Turns: 22189, Time: 01:17:40

Health: 0/65       AC: 11    Str: 17    XL:     15   Next: 41%
Magic:  0/26       EV: 28    Int: 20    God:    Dithmenos [******]
Gold:   1512       SH:  6    Dex: 19    Spells: 9/27 levels left

rFire    + + .     SeeInvis .   w - +9 rapier "Lob Fep" {pierce, +Rage rPois rC+ Int+6}
rCold    + + .     Gourm    .   n - +0 buckler {rC+}
rNeg     . . .     Faith    .   H - +0 acid dragon scales
rPois    +         Spirit   +   S - +3 helmet of Abstinence {Str+3}
rElec    .         Reflect  .   G - scarf {cloud immunity}
rCorr    +         Harm     .   C - +0 pair of gloves
MR       +....                  (no boots)
Stlth    ++++++++++             r - amulet of the acrobat
HPRegen  2.00/turn              U - +3 ring of slaying
MPRegen  0.20/turn              F - +2 ring of evasion

@: acrobat, regenerating (expiring), wreathed by umbra
A: fangs 3, fire resistance 2, regeneration 2, magic shield, antimagic bite, no
potion heal 3, rot immunity
a: Shadow Step, Shadow Form, Renounce Religion, Evoke Berserk Rage


You were on level 2 of the Orcish Mines.
You worshipped Dithmenos.
Dithmenos was exalted by your worship.
You were near starving.

You visited 3 branches of the dungeon, and saw 19 of its levels.

You collected 2365 gold pieces.
You spent 853 gold pieces at shops.

Inventory:

Hand Weapons
 w - the +9 rapier "Lob Fep" (weapon) {pierce, +Rage rPois rC+ Int+6}
   (You bought it in a shop on level 4 of the Dungeon)

   It inflicts extra damage upon your enemies.
   It affects your intelligence (+6).
   It protects you from cold.
   It protects you from poison.
   It lets you go berserk.
Missiles
 e - 7 curare-tipped darts
 y - 9 silver boomerangs
 D - 27 boomerangs
 X - 3 javelins (quivered)
Armour
 n - a +0 buckler of cold resistance (worn)
 C - a +0 pair of gloves (worn)
 G - a scarf of cloud immunity (worn)
 H - +0 acid dragon scales (worn)
 S - the +3 helmet of Abstinence (worn) {Str+3}
   (You found it on level 3 of the Lair of Beasts)

   It affects your strength (+3).
 V - a +1 hat of magic resistance
Jewellery
 h - an uncursed ring of protection from fire
 l - an uncursed ring of flight
 r - an amulet of the acrobat (around neck)
 F - a +2 ring of evasion (right hand)
 U - a +3 ring of slaying (left hand)
Wands
 c - a wand of disintegration (36)
 J - a wand of acid (28)
 K - a wand of digging (7)
 M - a wand of polymorph (8)
 N - a wand of paralysis (22)
 Q - a wand of iceblast (20)
 W - a wand of enslavement (7)
 Z - a wand of flame (14)
Scrolls
 a - 11 scrolls of remove curse
 g - 4 scrolls of fear
 i - 3 scrolls of magic mapping
 j - a scroll of amnesia
 z - 5 scrolls of fog
 O - 2 scrolls of blinking
 P - 3 scrolls of teleportation
Potions
 b - 3 potions of haste
 d - 2 potions of invisibility
 k - 3 potions of ambrosia
 m - 5 potions of mutation
 p - 3 potions of brilliance
 q - 2 potions of magic
 s - 11 potions of curing
 v - 2 potions of flight
 B - a potion of agility
 I - a potion of resistance
 Y - a potion of berserk rage
Miscellaneous
 R - a lamp of fire
Comestibles
 f - 45 rations


   Skills:
 - Level 1.7 Fighting
 - Level 14.0 Short Blades
 - Level 5.5 Throwing
 - Level 0.7 Dodging
 - Level 15.3 Stealth
 - Level 4.1 Shields
 - Level 6.7 Spellcasting
 - Level 8.0 Hexes
 - Level 8.5 Charms
 - Level 10.0 Transmutations
 + Level 4.4 Evocations


You had 9 spell levels left.
You knew the following spells:

 Your Spells              Type           Power        Failure   Level  Hunger
a - Regeneration          Chrm/Necr      ###.......   7%          3    #......
b - Ozocubu's Armour      Chrm/Ice       ###.....     7%          3    #......
c - Alistair's Intoxicat  Tmut/Pois      ####....     43%         5    #####..
d - Yara's Violent Unrav  Hex/Tmut       #####.....   9%          5    #####..
e - Blink                 Tloc           N/A          21%         2    None

Your spell library contained the following spells:

 Spells                   Type           Power        Failure   Level  Hunger
 Beastly Appendage        Tmut           #####.       1%          1    None
 Confusing Touch          Hex            #####.       1%          1    None
 Slow                     Hex            #####...     1%          2    None
 Sticks to Snakes         Tmut           #####...     1%          2    None
 Ignite Poison            Fire/Tmut/Pois ###.....     10%         3    #......
 Animate Skeleton         Necr           N/A          13%         1    None
 Apportation              Tloc           #.....       13%         1    None
 Freeze                   Ice            #...         13%         1    None
 Magic Dart               Conj           #...         13%         1    None
 Pain                     Necr           #...         13%         1    None
 Sting                    Conj/Pois      #...         13%         1    None
 Summon Small Mammal      Summ           #...         13%         1    None
 Call Imp                 Summ           #.......     21%         2    None
 Poisonous Vapours        Pois/Air       #.....       21%         2    None
 Throw Frost              Conj/Ice       #.....       21%         2    None
 Hydra Form               Tmut           #####.....   32%         6    ######.
 Conjure Flame            Conj/Fire      #.......     36%         3    #......
 Mephitic Cloud           Conj/Pois/Air  #.......     36%         3    #......
 Vampiric Draining        Necr           #.........   36%         3    #......
 Animate Dead             Necr           N/A          78%         4    ###....
 Summon Ice Beast         Ice/Summ       #.......     78%         4    ###....
 Throw Icicle             Conj/Ice       #.......     78%         4    ###....
 Freezing Cloud           Conj/Ice/Air   #.........   100%        6    ######.
 Shadow Creatures         Summ           N/A          100%        6    ######.
 Ring of Flames           Chrm/Fire      ###.......   100%        7    #######
 Dragon's Call            Summ           #.........   100%        9    #######


Dungeon Overview and Level Annotations

Branches:
Dungeon (11/15)            Temple (0/1) D:5            Lair (6/6) D:10
  Swamp (0/4) Lair:2        Snake (0/4) Lair:3        Slime (0/5) Lair:5
    Orc (2/2) D:9             Elf (0/3) Orc:2

Altars:
Ashenzari
Cheibriados
Dithmenos
Gozag
Nemelex Xobeh
Uskayaw
Xom
Yredelemnul
Beogh
Jiyva

Shops:
D:4 (   Orc:2 %

Annotations:
D:7 Menkaure
D:9 3 runed translucent doors, temitten's ghost, novice BaSu
Lair:1 1 runed translucent door, Shaidar's ghost, novice MiBe


Innate Abilities, Weirdness & Mutations

You have razor-sharp teeth.
You heal very quickly.
When hurt, damage is shared between your health and your magic reserves.
Your bite disrupts and absorbs the magic of your enemies.
Potions cannot restore your health.
You are immune to rotting.
Your flesh is very heat resistant. (rF++)


Message History

You puncture the orc knight! Your bite misses the orc knight.
The orc knight is moderately wounded.
The orc knight hits you with a +0 war axe!
You puncture the orc knight! Your bite misses the orc knight.
The orc knight is heavily wounded.
Your shadow hits the orc knight but does no damage.
You puncture the orc knight!
The orc knight is severely wounded.
Your shadow closely misses the orc knight.
The hellwing hits you.
The hellwing hits you but does no damage.
The orc knight hits you with a +0 war axe!!
* * * LOW HITPOINT WARNING * * *
Okay, then.
The orc knight roars a battlecry!
Your skin is crawling a little less now.
The hellwing swoops through the air toward you!
The hellwing completely misses you. The hellwing closely misses you.
The hellwing hits you!
You die...

...............#...........#.....
............####........####.....
..........######..........###....
............##............##[....
......#....##.............#......
.....##..........................
.....##.....§.......##...........
......#...........#####..........
.......#....§§.4@## #..........#
....#.#####.§§§§## ##........##
....### #.§§§## ##.##...## .....#
####o## ###....# #.#.## ##§#§##
#..### # ##### #..§o§# ##.# ##
##.#§.## ### ##. ###...# ##..
#o..## #...


You could see a hellwing.

Vanquished Creatures
  Rupert (Lair:4)
  Jorgrun (Orc:2)
  Gastronok (D:9)
  Donald (Orc:2)
  Snorg (Lair:4)
  Erolcha (D:9)
  6 hydras
  A death knight (D:11)
  3 two-headed ogres
  An orc high priest (Orc:2)
  Sonja (Lair:3)
  Pikel (D:7)
  An orc knight (Orc:2)
  An ugly thing (D:11)
  2 wolf spiders (Lair:6)
  A manticore (D:10)
  2 oklob plants (Lair:2)
  2 orc sorcerers (Orc:2)
  5 cyclopes
  A guardian serpent (Lair:6)
  Joseph (D:8)
  A centaur zombie (D:11)
  19 black mambas
  A torpor snail (Lair:1)
  A gargoyle (D:11)
  11 spiny frogs
  A kobold demonologist (D:11)
  9 komodo dragons
  9 polar bears (Lair:6)
  4 hornets
  4 trolls
  A bog body (Lair:2)
  24 blink frogs
  2 raiju (Lair:6)
  15 hippogriffs
  A shadow (D:11)
  Sigmund (D:5)
  A redback (Lair:6)
  14 wyverns
  32 yaks
  7 spriggans
  A basilisk (Lair:4)
  Grum (D:9)
  A steam dragon (D:11)
  6 wargs
  A soldier ant (D:11)
  A swamp worm (Lair:2)
  2 acid dragons (D:11)
  31 water moccasins
  6 porcupines
  15 hell hounds (Lair:6)
  Duvessa (D:5)
  16 orc warriors
  3 ice beasts
  5 sky beasts
  3 ogres
  16 black bears
  7 centaurs
  33 wolves
  5 crocodiles
  2 big kobolds (D:11)
  11 bullfrogs
  Blork the orc (D:5)
  Dowan (D:5)
  A wyvern skeleton (D:11)
  3 scorpions
  3 killer bees
  A wight (D:11)
  4 howler monkeys
  3 electric eels
  2 crimson imps
  2 bullfrog zombies (D:10)
  2 jellies
  A hound (D:4)
  17 orc priests
  2 centaur skeletons
  3 bullfrog skeletons
  Crazy Yiuf (D:5)
  An iguana (D:11)
  10 worker ants
  Natasha (thrice) (D:2 D:1)
  24 orc wizards
  2 hound zombies
  A worker ant zombie (D:11)
  A hound skeleton (D:2)
  5 gnolls
  17 adders
  3 shadow imps
  2 oozes
  2 adder zombies (D:5)
  4 worms
  5 dart slugs
  A leopard gecko (D:9)
  76 orcs
  5 ball pythons
  9 bats
  8 giant cockroaches
  5 goblins
  7 hobgoblins
  14 jackals
  9 kobolds
  6 quokkas
  8 frilled lizards
  A jackal skeleton (D:5)
  A leopard gecko skeleton (D:4)
  2 quokka skeletons
  9 rats
  2 plants (Lair:5)
650 creatures vanquished.

Vanquished Creatures (others)
  A slave (D:8)
  A crocodile (Lair:5)
  An orc wizard (D:8)
  An orc (D:8)
  11 fungi
  26 plants
41 creatures vanquished.

Grand Total: 691 creatures vanquished

Notes
Turn   | Place    | Note
-------+----------+-------------------------------------------
     0 | D:1      | HAL9000 the Vine Stalker Assassin began the quest for the
                  | Orb.
     0 | D:1      | Reached XP level 1. HP: 11/11 MP: 2/2
   148 | D:1      | Reached XP level 2. HP: 15/15 MP: 3/3
   868 | D:1      | Reached XP level 3. HP: 18/18 MP: 4/4
  1309 | D:2      | Found a shattered altar of Ashenzari.
  1466 | D:2      | Noticed Natasha
  1482 | D:2      | Killed Natasha
  1482 | D:2      | Gained mutation: Your natural rate of healing is unusually
                  | fast. [Vine Stalker growth]
  1482 | D:2      | Reached XP level 4. HP: 14/23 MP: 3/5
  1501 | D:2      | Noticed Natasha
  1515 | D:2      | Killed Natasha
  1584 | D:2      | Found a snail-covered altar of Cheibriados.
  1617 | D:2      | Reached XP level 5. HP: 24/26 MP: 6/6
  1661 | D:2      | Noticed Natasha
  1694 | D:1      | Killed Natasha
  2069 | D:3      | Found a snail-covered altar of Cheibriados.
  2104 | D:3      | Reached skill level 5 in Short Blades
  2109 | D:3      | Found a shimmering altar of Xom.
  3000 | D:4      | Found a shadowy altar of Dithmenos.
  3005 | D:4      | Became a worshipper of Dithmenos the Shadowed
  3029 | D:4      | Reached XP level 6. HP: 22/30 MP: 7/7
  3134 | D:4      | Found Moleh's Weapon Shop.
  3533 | D:4      | Found a basalt altar of Yredelemnul.
  3622 | D:5      | Entered Level 5 of the Dungeon
  3629 | D:5      | Found a sparkling altar of Nemelex Xobeh.
  3647 | D:5      | Noticed Duvessa
  3650 | D:5      | Noticed Dowan
  3752 | D:5      | Found a staircase to the Ecumenical Temple.
  3783 | D:5      | Noticed Blork the orc
  3792 | D:5      | Killed Blork the orc
  3878 | D:5      | Found a runed translucent door.
  3879 | D:5      | Noticed Crazy Yiuf
  3926 | D:5      | Killed Crazy Yiuf
  4423 | D:5      | Reached XP level 7. HP: 24/34 MP: 8/8
  4599 | D:5      | Gained mutation: Your flesh is heat resistant. (rF+)
                  | [potion of mutation]
  4599 | D:5      | Gained mutation: Your flesh is very heat resistant. (rF++)
                  | [potion of mutation]
  4617 | D:5      | Killed Duvessa
  4630 | D:5      | HP: 1/34 [Dowan/shard of ice (10)]
  4631 | D:5      | Killed Dowan
  4636 | D:5      | HP: 1/34 [poisoned by Duvessa]
  4772 | D:5      | Noticed Sigmund
  4780 | D:5      | Killed Sigmund
  4911 | D:6      | Gained mutation: You have razor-sharp teeth. [Vine Stalker
                  | growth]
  4911 | D:6      | Reached XP level 8. HP: 38/38 MP: 9/9
  4951 | D:6      | Found an opulent altar of Gozag.
  4994 | D:6      | Reached * piety under Dithmenos
  5012 | D:6      | Learned a level 3 spell: Regeneration
  5016 | D:6      | Learned a level 3 spell: Ozocubu's Armour
  5686 | D:7      | Noticed a hippogriff
  5708 | D:7      | Killed a hippogriff
  5894 | D:7      | Noticed Menkaure
  6148 | D:7      | Reached skill level 10 in Short Blades
  6278 | D:7      | Reached XP level 9. HP: 30/42 MP: 6/10
  7054 | D:8      | Noticed a two-headed ogre
  7148 | D:7      | Killed a two-headed ogre
  7148 | D:7      | Reached ** piety under Dithmenos
  7210 | D:7      | Reached skill level 5 in Stealth
  7356 | D:8      | Noticed Joseph
  7600 | D:8      | Reached skill level 6 in Stealth
  7624 | D:8      | Noticed Pikel
  7697 | D:7      | Killed Pikel
  7697 | D:7      | Reached skill level 7 in Stealth
  7697 | D:7      | Reached XP level 10. HP: 45/46 MP: 11/11
  7993 | D:8      | Killed Joseph
  8632 | D:9      | Reached skill level 8 in Stealth
  8713 | D:9      | Got a dazzling hat
  8724 | D:9      | Identified the +1 hat of Syitumac {rN++ Slay-5 SInv} (You
                  | found it on level 9 of the Dungeon)
  8782 | D:9      | Noticed a cyclops
  8783 | D:9      | Noticed a cyclops
  8788 | D:9      | Killed a cyclops
  8788 | D:9      | Reached skill level 5 in Throwing
  8810 | D:9      | Killed a cyclops
  8810 | D:9      | Reached skill level 9 in Stealth
  9080 | D:9      | Noticed Grum
  9206 | D:8      | Reached skill level 1 in Spellcasting
  9206 | D:8      | Reached skill level 1 in Charms
  9360 | D:9      | Killed Grum
  9599 | D:9      | Noticed Erolcha
  9607 | D:9      | Noticed a two-headed ogre
  9630 | D:9      | Killed Erolcha
  9630 | D:9      | Reached XP level 11. HP: 44/50 MP: 10/17
 10007 | D:9      | Found a runed translucent gate.
 10007 | D:9      | Found a runed translucent gate.
 10008 | D:9      | Found a runed translucent gate.
 10011 | D:9      | Noticed temitten's ghost (novice BaSu)
 10212 | D:9      | Found a roughly hewn altar of Beogh.
 10213 | D:9      | Found a staircase to the Orcish Mines.
 10492 | D:9      | Killed a two-headed ogre
 10573 | D:9      | Reached *** piety under Dithmenos
 10715 | Orc:1    | Entered Level 1 of the Orcish Mines
 10918 | D:9      | Reached skill level 5 in Spellcasting
 10918 | D:9      | Reached skill level 5 in Charms
 11124 | D:9      | Noticed Gastronok
 11141 | D:9      | Killed Gastronok
 11910 | Orc:1    | Found a roughly hewn altar of Beogh.
 12091 | D:4      | Bought the +9 rapier "Lob Fep" {pierce, +Rage rPois rC+
                  | Int+6} for 853 gold pieces
 12508 | Orc:2    | Entered Level 2 of the Orcish Mines
 12579 | D:10     | Entered Level 10 of the Dungeon
 13021 | D:10     | Found a staircase to the Lair.
 13027 | D:10     | You fall through a shaft!
 13057 | D:11     | Noticed a cyclops
 13061 | D:11     | Killed a cyclops
 13061 | D:11     | Reached **** piety under Dithmenos
 13101 | D:11     | Noticed a cyclops
 13109 | D:11     | Killed a cyclops
 13137 | D:11     | Gained mutation: You heal very quickly. [Vine Stalker
                  | growth]
 13137 | D:11     | Reached XP level 12. HP: 54/54 MP: 23/23
 13141 | D:11     | Noticed a two-headed ogre
 13186 | D:11     | Killed a two-headed ogre
 13257 | D:11     | Identified Sif Muna's Collected Works on Transmigration and
                  | Envenoming
 13359 | D:11     | Noticed a death knight
 13414 | D:11     | Killed a death knight
 13602 | D:11     | Found the +4 robe of Augmentation {Str+4 Int+4 Dex+4}
 13641 | D:11     | Identified Sif Muna's Papyrus of Poisoning and the
                  | Entourage
 13872 | D:11     | Found a hide-covered altar of Uskayaw.
 14111 | D:11     | Learned a level 5 spell: Alistair's Intoxication
 14117 | D:11     | Learned a level 5 spell: Yara's Violent Unravelling
 14165 | D:11     | Reached ***** piety under Dithmenos
 15025 | Lair:1   | Entered Level 1 of the Lair of Beasts
 15050 | Lair:1   | Found a runed translucent door.
 15050 | Lair:1   | Noticed Shaidar's ghost (novice MiBe)
 15094 | Lair:1   | Reached skill level 1 in Transmutations
 15106 | Lair:1   | Learned a level 2 spell: Blink
 15602 | Lair:1   | Reached XP level 13. HP: 58/58 MP: 24/24
 15813 | Lair:2   | Reached skill level 5 in Transmutations
 15827 | Lair:2   | Reached skill level 1 in Hexes
 16364 | Lair:2   | Found the +8 whip "Snakebite" {curare, rPois}
 16485 | Lair:2   | You fall through a shaft for 2 floors!
 17005 | Lair:4   | Noticed Snorg
 17015 | Lair:4   | Noticed Rupert
 17016 | Lair:4   | Killed Snorg
 17046 | Lair:4   | Killed Rupert
 17046 | Lair:4   | Reached skill level 5 in Hexes
 17596 | Lair:5   | Reached ****** piety under Dithmenos
 17787 | Lair:5   | Reached skill level 1 in Shields
 17881 | Lair:5   | Found a viscous altar of Jiyva.
 17882 | Lair:5   | Found a staircase to the Slime Pits.
 17891 | Lair:5   | Reached XP level 14. HP: 39/62 MP: 16/25
 18485 | Lair:6   | Entered Level 6 of the Lair of Beasts
 18861 | Lair:6   | Reached skill level 10 in Transmutations
 18968 | Lair:6   | Reached skill level 10 in Stealth
 19201 | Lair:6   | Reached skill level 11 in Stealth
 19334 | Lair:6   | Reached skill level 12 in Stealth
 19620 | Lair:6   | Reached skill level 13 in Stealth
 19908 | Lair:6   | Reached XP level 15. HP: 65/65 MP: 26/26
 19913 | Lair:6   | Reached skill level 14 in Stealth
 20263 | Lair:3   | Noticed Sonja
 20276 | Lair:3   | Killed Sonja
 20536 | Lair:2   | Found a staircase to the Swamp.
 20808 | Lair:3   | Found a staircase to the Snake Pit.
 20854 | Lair:3   | Reached skill level 15 in Stealth
 21471 | Lair:3   | Got a brightly glowing helmet
 21472 | Lair:3   | Identified the +3 helmet of Abstinence {Str+3} (You found
                  | it on level 3 of the Lair of Beasts)
 21844 | Orc:2    | Noticed Jorgrun
 21847 | Orc:2    | Killed Jorgrun
 21969 | Orc:2    | Noticed Donald
 21985 | Orc:2    | Killed Donald
 22017 | Orc:2    | Found a staircase to the Elven Halls.
 22100 | Orc:2    | Found Pobiotwi's Food Shoppe.
 22189 | Orc:2    | Slain by a hellwing

Levels and vault maps discovered:
D:1:      dpeg_arrival_brainrot, layout_basic
D:2:      layout_rooms, ashenzari_altar_1, first_ration, kennysheep_slug_shrine,
          uniq_natasha
D:3:      layout_loops_corners, xom_teletrap_fun,
          nicolae_overflow_hidden_temple, dk_vineyard_3
D:4:      kennysheep_six_static_rooms, layout_rooms,
          nicolae_dithmenos_the_darkroom, kennysheep_mini_moat, serial_shops,
          shop_statue
D:5:      layout_gridville, kennysheep_little_box,
          minmay_temple_entry_sparse_star, nrook_loot_triangle,
          minmay_a_box_with_orc_wizards_in_it, uniq_blork_the_orc, uniq_duvessa,
          uniq_crazy_yiuf_cottage, uniq_sigmund
D:6:      layout_basic, lemuel_doored_altar, hex_tiny
D:7:      layout_layer_cave, minmay_manual_mess, uniq_menkaure
D:8:      layout_loops_cross, nicolae_ossuary_entry_false_entrances,
          minmay_circle_x, uniq_pikel, uniq_joseph
D:9:      wad_arrow_thing, layout_long_grid, david_orc_5,
          gammafunk_ghost_spectres, uniq_gastronok, uniq_grum, uniq_erolcha
D:10:     layout_cross
D:11:     minmay_the_grid_3x3 [minmay_the_grid_diamond_grid,
          minmay_the_grid_slots, minmay_the_grid_broken_lines,
          minmay_the_grid_embedded, minmay_the_grid_small_cups,
          minmay_the_grid_tree, minmay_the_grid_garden, minmay_the_grid_rooms,
          minmay_the_grid_prize_four_corners_diamond_a], layout_gridville,
          basic_altar, hangedman_pestilent_swarm
Lair:1:   layout_roguey, hellmonk_ghost_happy_afterlife
Lair:2:   minmay_guarded_unrand_snakebite, layout_regular_city,
          nicolae_swamp_entry_splash_gauntlet, minivault_24,
          minmay_lair_oklob_chamber
Lair:3:   layout_concentric_octagons, minmay_snake_entry_six_corridors,
          uniq_sonja
Lair:4:   layout_long_grid, chequers_serial_rivers_large_b,
          chequers_serial_rivers_small_a, grunt_megastairs_2,
          serial_bayou_shore_b, infiniplex_staircase_pool_2,
          serial_bayou_shore_b, lemuel_fruit_tree, serial_bayou_shore_a,
          uniq_rupert, uniq_snorg
Lair:5:   layout_big_grid, dpeg_slime_entry_enclosed_altar, wad_woods_01
Lair:6:   hangedman_lair_tendril_chambers, layout_regular_city,
          hangedman_lair_caniforms_friends, grunt_forest_large_clearing_hut
Orc:1:    layout_caves, basic_altar
Orc:2:    st_orc_elflike, layout_diamond_mine, statue_in_the_mist_lemuel,
          uniq_donald, uniq_maurice, uniq_jorgrun

Skill      XL: |  1  2  3  4  5  6  7  8  9 10 11 12 13 14 15 |
---------------+----------------------------------------------+-----
Short Blades   | 2 3 4 5 6 8 10 11 14 | 14.0
Throwing       | 4 5 |  5.5
Stealth        | 7 9 13 15 | 15.3
Spellcasting   | 3 6 |  6.7
Charms         | 3 8 |  8.5
Transmutations | 4 9 10 | 10.0
Hexes          | 6 8 |  8.0
Shields        | 1 4 |  4.1
Evocations     | 4 |  4.4
Fighting       | |  1.7
Dodging        | |  0.7

Action                   |  1- 3 |  4- 6 |  7- 9 | 10-12 | 13-15 || total
-------------------------+-------+-------+-------+-------+-------++-------
Melee: Dagger            |   101 |   284 |   396 |   503 |       ||  1284
       Bite              |    24 |    87 |   146 |   318 |   308 ||   883
       Rapier            |       |       |       |   318 |   961 ||  1279
Throw: Dart              |    10 |    16 |    30 |    39 |     1 ||    96
       Boomerang         |       |       |     9 |    22 |     1 ||    32
       Javelin           |       |       |       |       |     4 ||     4
 Cast: Regeneration      |       |       |       |       |    37 ||    37
       Yara's Violent Un |       |       |       |       |     3 ||     3
Invok: Shadow Step       |       |       |       |       |     2 ||     2
Evoke: Wand              |       |       |       |     1 |       ||     1
  Use: Potion            |       |       |     3 |     1 |       ||     4
       Scroll            |       |       |    13 |    12 |     6 ||    31
 Stab: Sleeping          |    11 |    12 |     8 |    25 |    37 ||    93
       Distracted        |       |       |       |     4 |     3 ||     7
  Eat: Chunk             |     2 |     9 |    10 |    41 |    11 ||    73
       Ration            |       |       |       |       |     1 ||     1
Armor: Robe              |    21 |    55 |       |       |       ||    76
       Leather armour    |       |    55 |   102 |   121 |       ||   278
       Acid dragon scale |       |       |       |    46 |   134 ||   180
Dodge: Dodged            |    57 |   147 |   186 |   385 |   445 ||  1220
Block: Buckler           |       |       |       |       |   149 ||   149

Table legend:
 A = Non-vault XP
 B = Vault XP
 C = Vault XP percentage of total XP
 D = Non-vault monster count
 E = Vault monster count
 F = Vault count percentage of total count
                 A         B        C        D         E       F
            +---------+---------+-------+---------+---------+-------
      Total |   42892 |   61205 |  58.8 |     389 |     260 |  40.1
            +---------+---------+-------+---------+---------+-------
        D:1 |      84 |       2 |   2.3 |      24 |       1 |   4.0
        D:2 |      97 |      37 |  27.6 |      23 |       2 |   8.0
        D:3 |      69 |       0 |   0.0 |      33 |       0 |   0.0
        D:4 |     132 |       4 |   2.9 |       9 |       2 |  18.2
        D:5 |      56 |     689 |  92.5 |       9 |       9 |  50.0
        D:6 |     464 |      15 |   3.1 |      16 |       2 |  11.1
        D:7 |     849 |    2166 |  71.8 |      21 |       7 |  25.0
        D:8 |     993 |     766 |  43.5 |      21 |       5 |  19.2
        D:9 |    3594 |    5567 |  60.8 |      35 |      35 |  50.0
       D:10 |    1442 |       0 |   0.0 |      18 |       0 |   0.0
       D:11 |    3026 |    8294 |  73.3 |      20 |      44 |  68.8
     Lair:1 |    3854 |       0 |   0.0 |      19 |       0 |   0.0
     Lair:2 |    2253 |    4632 |  67.3 |      11 |      21 |  65.6
     Lair:3 |    2474 |    2805 |  53.1 |      14 |      14 |  50.0
     Lair:4 |    6893 |    4635 |  40.2 |      31 |       4 |  11.4
     Lair:5 |    6962 |    1295 |  15.7 |      27 |       6 |  18.2
     Lair:6 |    8145 |   22028 |  73.0 |      26 |      95 |  78.5
      Orc:1 |     722 |       0 |   0.0 |      17 |       0 |   0.0
      Orc:2 |     783 |    8270 |  91.4 |      15 |      13 |  46.4
            +---------+---------+-------+---------+---------+-------
